 Dungeon Crawl Stone Soup version 0.27-a0-1322-gfdffb62a71 (webtiles) character file.

Game seed: 12471900248931154657

9760 tilp the Summoner (level 11, -14/81 HPs)
             Began as a Barachi Summoner on June 22, 2021.
             Was a High Priest of Okawaru.
             Demolished by a death yak (16 damage)
             ... in a Gauntlet.
             The game lasted 00:33:51 (16826 turns).

tilp the Summoner (Barachi Summoner)               Turns: 16826, Time: 00:33:52

Health: -14/81     AC: 13    Str: 13    XL:     11   Next: 51%
Magic:  5/20       EV: 15    Int: 21    God:    Okawaru [*****.]
Gold:   2244       SH:  5    Dex: 13    Spells: 4/22 levels left

rFire    + . .     SeeInvis .   a - +10 spear "Yphoutt" {vorpal, rN+}
rCold    . . .     Faith    .   (no shield)
rNeg     + + .     Spirit   .   s - +3 leather armour {Will+}
rPois    +         Reflect  +   l - +1 hat
rElec    .         Harm     .   (no cloak)
rCorr    .         Rampage  .   j - +2 pair of gloves
Will     ++...     NoTele   +   h - +1 pair of boots
Stlth    ++++......             G - amulet of reflection
HPRegen  0.23/turn              y - +6 ring of intelligence
MPRegen  0.17/turn              w - ring of Cesaob {Drain rPois rF+ rN+ Will+, =R}

@: heroic, unable to hop, slow
A: amphibious, slowness 1, strong legs 1, +LOS
a: Hop, Renounce Religion, Heroism, Finesse


You were in a Gauntlet.
You worshipped Okawaru.
Okawaru was extremely pleased with you.
You visited 3 branches of the dungeon, and saw 13 of its levels.
You also visited: Gauntlet.

You collected 2418 gold pieces.
You spent 174 gold pieces at shops.

Inventory:

Hand Weapons
 a - the +10 spear "Yphoutt" (weapon) {vorpal, rN+}
   (You found it on level 6 of the Dungeon)

   It inflicts extra damage upon your enemies.
   It protects you from negative energy.
 b - a +0 flail of holy wrath
 e - a +0 halberd
 B - a +0 glaive
Missiles
 d - 73 poisoned darts (quivered)
 i - 2 throwing nets {!f}
Armour
 c - a +0 ring mail of cold resistance
 h - a +1 pair of boots (worn)
 j - a +2 pair of gloves (worn)
 l - a +1 hat (worn)
 s - a +3 leather armour of willpower (worn)
 A - a +1 chain mail of willpower
 F - a +2 crystal plate armour
 K - the +2 pair of boots "Vuraot" {Will- Int+5 Slay+5 Stlth+}
   (You found it in a Gauntlet)

   It affects your intelligence (+5).
   It affects your accuracy and damage with ranged weapons and melee attacks
   (+5).
   It decreases your willpower.
   It makes you more stealthy.
Jewellery
 g - a ring of see invisible
 w - the ring of Cesaob (right hand) {Drain rPois rF+ rN+ Will+, =R}
   (You acquired it on level 7 of the Dungeon)

   [ring of protection from fire]

   It protects you from fire.
   It protects you from poison.
   It protects you from negative energy.
   It drains your maximum health when unequipped.
   It increases your willpower.
 y - a +6 ring of intelligence (left hand)
 G - an amulet of reflection (around neck)
Wands
 k - a wand of paralysis (2)
 m - a wand of flame (4)
 n - a wand of charming (6)
 E - a wand of mindburst (13)
Scrolls
 q - a scroll of amnesia
 t - 3 scrolls of identify
 x - 4 scrolls of brand weapon
 z - a scroll of summoning
 C - 3 scrolls of fog
 H - 2 scrolls of teleportation
 I - a scroll of enchant weapon
 J - a scroll of enchant armour
Potions
 f - a potion of haste
 o - a potion of mutation
 p - 3 potions of brilliance
 r - a potion of flight
 u - a potion of attraction
 v - 3 potions of curing {unknown}
 D - a potion of might


   Skills:
 - Level 6.0(11.0) Fighting
 + Level 8.2(13.2) Polearms
 - Level 4.0(9.0) Dodging
 - Level 4.0(9.0) Stealth
 - Level 6.0 Spellcasting
 - Level 12.0 Summonings
 - Level 4.0 Ice Magic
 + Level 6.5 Invocations
 - Level 4.0 Evocations


You had 4 spell levels left.
You knew the following spells:

 Your Spells              Type           Power      Damage    Failure   Level
a - Summon Small Mammal   Summ           100%       N/A       1%          1
b - Call Imp              Summ           54%        N/A       1%          2
c - Call Canine Familiar  Summ           54%        N/A       1%          3
d - Summon Guardian Gole  Hex/Summ       31%        N/A       3%          3
e - Summon Ice Beast      Ice/Summ       39%        N/A       4%          4
f - Summon Lightning Spi  Summ/Air       31%        N/A       10%         4
g - Apportation           Tloc           12%        N/A       12%         1

Your spell library contained the following spells:

 Spells                   Type           Power      Damage    Failure   Level
 Animate Skeleton         Necr           12%        N/A       12%         1
 Beastly Appendage        Tmut           12%        N/A       12%         1
 Corona                   Hex            6%         N/A       12%         1
 Magic Dart               Conj           24%        1d4       12%         1
 Sandblast                Erth           12%        2d6       12%         1
 Blink                    Tloc           N/A        N/A       19%         2
 Passwall                 Tmut/Erth      5%         N/A       19%         2
 Slow                     Hex            6%         N/A       19%         2
 Wereblood                Tmut           6%         N/A       19%         2
 Conjure Flame            Conj/Fire      6%         6-21      34%         3
 Inner Flame              Hex/Fire       6%         N/A       34%         3
 Mephitic Cloud           Conj/Pois/Air  6%         N/A       34%         3
 Portal Projectile        Hex/Tloc       12%        N/A       34%         3
 Spider Form              Tmut/Pois      3%         N/A       34%         3
 Stone Arrow              Conj/Erth      12%        3d7       34%         3
 Ice Form                 Ice/Tmut       14%        N/A       45%         4
 Cause Fear               Hex            3%         N/A       75%         4
 Leda's Liquefaction      Hex/Erth       3%         N/A       75%         4
 Petrify                  Tmut/Erth      6%         N/A       75%         4
 Lee's Rapid Deconstruct  Erth           3%         3d6*      97%         5
 Silence                  Hex/Air        3%         N/A       97%         5
 Yara's Violent Unravell  Hex/Tmut       3%         3d4       97%         5
 Discord                  Hex            3%         N/A       100%        8


Dungeon Overview and Level Annotations

Branches:
Dungeon (11/15)            Temple (1/1) D:5            Lair (1/6) D:10
Gauntlet (1/1)
    Orc: D:9-12

Altars:
Ashenzari
Cheibriados
Dithmenos
Elyvilon
Fedhas
Gozag
Hepliaklqana
Kikubaaqudgha
Makhleb
Nemelex Xobeh
Okawaru
Qazlal
Ru
Sif Muna
Trog
Uskayaw
Vehumet
Wu Jian
Yredelemnul
Zin
The Shining One

Shops:
D:1 :   D:4 *   D:11 *

Annotations:
D:9 exclusion: bullfrog, Erolcha, Psyche
D:11 exclusion: phantasmal warrior Gauntlet 9 transporters, 1 runed translucent door


Innate Abilities, Weirdness & Mutations

You are amphibious.
You cover ground slowly.
You can hop short distances.
You have an extended range of vision and can be seen from far away.


Message History

Your ice beast hits the death yak but does no damage.
Unknown command.
You puncture the death yak!
The death yak is heavily wounded.
The death yak gores you. The death yak barely misses you.
Unknown command.
You hit the death yak.
The death yak is heavily wounded.
Your ice beast hits the death yak.
Your ice beast freezes the death yak!
Unknown command.
You completely miss the death yak. Your punch misses the death yak.
The death yak is heavily wounded.
The death yak gores you! The death yak gores you.
* * * LOW HITPOINT WARNING * * *
Unknown command.
Casting: Summon Ice Beast (dangerous; 4% risk of failure)
Confirm with . or Enter, or press ? or * to list all spells.
An electric hum fills the air.
Your ice beast barely misses the death yak.
The death yak gores you!
* * * LOW HITPOINT WARNING * * *
The death yak completely misses you.
You hit the death yak.
The death yak is severely wounded.
Your ice beast hits the death yak but does no damage.
Unknown command.
You puncture the death yak!
The death yak is severely wounded.
The death yak completely misses you. You block the death yak's attack.
Unknown command.
You hit the death yak.
The death yak is severely wounded.
Your ice beast hits the death yak but does no damage.
Unknown command.
You hit the death yak but do no damage.
The death yak is severely wounded.
The death yak gores you!
* * * LOW HITPOINT WARNING * * *
The death yak gores you!
You die...

##≈###≈###≈###≈###...........###
#≈≈≈#≈≈≈#≈≈≈#≈≈≈#..♣P......♣..#≈
##≈...............PP...∩...P....
##..♣..P♣...♣..P♣..........P♣..
##≈.............................
#≈≈.#########.#########.########
##≈.##=#©#.##.##8.©!.##.#ww.#©)w
##.#.#!#[#.#.#Y###..##.#+#.###[
##≈.##.#.#.##.#@#Yp##.#.#.#..w#!
#≈≈.#.#©#.#.#.##Y#©.#.#.#.###w#.
##≈.##.#.#.##.##Y.##.##.#...#.#.
##.#.#.#.#t#.#.##.#.##.###.#.#.
##≈.##.#.#.##.##..#.#.#.#©..#...
#≈≈.###################.########
##≈....#©....©....©#.......#©...
##.P♣.#############...♣P..#####
##≈.P....#...©...#.......P...#.!


You could see 3 death yaks, a ghost crab, a necromancer, a friendly ice beast
(summoned) and a friendly lightning spire (summoned).

Vanquished Creatures
  Gastronok (D:8)
  Harold (D:7)
  2 two-headed ogres (D:10)
  Joseph (D:7)
  A kobold demonologist (D:11)
  A tengu conjurer (D:11)
  Prince Ribbit (D:7)
  A raiju (Gauntlet)
  Sigmund (D:2)
  A water elemental (D:11)
  5 yaks
  2 steam dragons (Gauntlet)
  A chaos spawn (Gauntlet)
  Grum (D:9)
  A water moccasin (D:5)
  A hornet zombie (D:7)
  5 orc warriors
  A sky beast (D:6)
  3 necrophages
  4 black bears
  2 wolves (D:9)
  3 centaurs
  3 bullfrogs
  A kobold brigand (D:11)
  A scorpion (D:6)
  3 wights (D:8)
  6 killer bees
  An electric eel (D:11)
  A howler monkey (D:11)
  A nameless horror (D:10)
  A hound (D:6)
  A bullfrog skeleton (D:5)
  An orc priest (D:3)
  A jelly (D:6)
  Ijyb (D:4)
  2 iguanas (D:5)
  7 orc wizards
  3 howler monkey zombies
  2 adders
  A howler monkey skeleton (D:5)
  A shadow imp (D:7)
  A white imp (D:8)
  4 dart slugs
  25 orcs
  4 ball pythons
  3 endoplasms
  2 giant cockroaches (D:4)
  9 goblins
  5 hobgoblins
  5 jackals
  9 kobolds
  A quokka (D:3)
  A bat (D:2)
  2 frilled lizards (D:3)
  6 rats
155 creatures vanquished.

Vanquished Creatures (collateral kills)
  A cane toad (Lair:1)
  2 komodo dragons
  A troll (D:9)
  A wyvern (D:11)
  A wraith (D:11)
  Eustachio (D:5)
  3 yaks (D:10)
  3 water moccasins
  A black bear (D:10)
  An orc warrior (D:9)
  3 ogres
  A wolf (D:9)
  A centaur (D:10)
  4 bullfrogs
  2 wights (D:8)
  3 killer bees
  2 howler monkeys
  3 orc priests
  A jelly (D:5)
  A bullfrog skeleton (D:5)
  Terence (D:2)
  2 orc wizards
  2 adders
  A worm (D:3)
  20 orcs
  An endoplasm (D:1)
  3 goblins
  2 hobgoblins
  6 jackals
  4 kobolds
  A quokka (D:1)
  A bat (D:1)
  A frilled lizard (D:1)
  3 rats
84 creatures vanquished.

Vanquished Creatures (others)
  21 fungi
  25 plants
46 creatures vanquished.

Grand Total: 285 creatures vanquished

Notes
Turn   | Place    | Note
-------+----------+-------------------------------------------
     0 | D:1      | tilp the Barachi Summoner began the quest for the Orb.
     0 | D:1      | Reached XP level 1. HP: 13/13 MP: 3/3
   267 | D:1      | Reached skill level 1 in Fighting
   311 | D:1      | Reached XP level 2. HP: 17/22 MP: 1/5
   537 | D:1      | Learned a level 2 spell: Call Imp
   744 | D:1      | Reached skill level 5 in Summonings
   815 | D:1      | Found a faded altar of an unknown god.
  1016 | D:1      | Found Pabbas's Book Shop.
  1493 | D:2      | Noticed Sigmund
  1527 | D:2      | Noticed Terence
  1534 | D:2      | Killed Terence
  1535 | D:2      | Reached XP level 3. HP: 27/27 MP: 0/7
  1540 | D:2      | Learned a level 3 spell: Call Canine Familiar
  1694 | D:2      | Reached XP level 4. HP: 33/33 MP: 8/8
  3121 | D:3      | Reached skill level 6 in Summonings
  3890 | D:3      | Upgraded the game from 0.27-a0-1319-geec4fb4e21 to
                  | 0.27-a0-1322-gfdffb62a71
  3931 | D:4      | Reached XP level 5. HP: 39/39 MP: 9/9
  4150 | D:4      | Noticed an ogre
  4158 | D:4      | Killed an ogre
  4283 | D:4      | Noticed Ijyb
  4298 | D:4      | Killed Ijyb
  4545 | D:4      | Reached XP level 6. HP: 22/47 MP: 3/10
  4743 | D:4      | Noticed a necrophage
  4752 | D:4      | Killed a necrophage
  5073 | D:4      | Reached XP level 7. HP: 46/54 MP: 11/11
  5189 | D:4      | Found Panal's General Store.
  5195 | D:4      | Bought a scroll of blinking for 90 gold pieces
  5448 | D:5      | Entered Level 5 of the Dungeon
  5512 | D:4      | Bought a wand of paralysis (5) for 84 gold pieces
  5616 | D:5      | Found a staircase to the Ecumenical Temple.
  5631 | D:5      | Noticed Eustachio
  5655 | D:5      | Killed Eustachio
  5674 | Temple   | Entered the Ecumenical Temple
  5969 | D:5      | Found a broken altar of Ashenzari.
  6037 | D:5      | Reached skill level 7 in Summonings
  6553 | D:5      | Reached skill level 8 in Summonings
  6553 | D:5      | Reached skill level 1 in Evocations
  6553 | D:5      | Reached XP level 8. HP: 59/60 MP: 3/14
  6645 | D:5      | Found a hide-covered altar of Uskayaw.
  6810 | D:5      | Found an iron altar of Okawaru.
  6842 | D:5      | Became a worshipper of Warmaster Okawaru
  7165 | D:5      | Identified 2 scrolls of acquirement
  7165 | D:5      | Acquired 778 gold pieces
  7167 | D:5      | Acquired 1066 gold pieces
  7356 | D:6      | Identified the +10 spear "Yphoutt" {vorpal, rN+}
  7739 | D:6      | Reached skill level 1 in Invocations
  8087 | D:6      | Reached * piety under Okawaru
  8200 | D:7      | Noticed Joseph
  8206 | D:7      | Learned a level 3 spell: Summon Guardian Golem
  8211 | D:7      | Learned a level 4 spell: Summon Ice Beast
  8213 | D:7      | Learned a level 1 spell: Apportation
  8216 | D:7      | Acquired the ring of Cesaob {Drain rPois rF+ rN+ Will+}
  8313 | D:7      | Noticed Harold
  8314 | D:7      | Reached skill level 1 in Polearms
  8713 | D:7      | Reached XP level 9. HP: 52/67 MP: 1/15
  8717 | D:7      | Reached skill level 5 in Fighting
  9575 | D:7      | Killed Harold
  9575 | D:7      | Reached ** piety under Okawaru
  9576 | D:7      | Reached skill level 5 in Polearms
  9781 | D:7      | Killed Joseph
  9782 | D:7      | Reached skill level 1 in Ice Magic
 10060 | D:7      | Found a shadowy altar of Dithmenos.
 10096 | D:7      | Noticed Prince Ribbit
 10112 | D:7      | Killed Prince Ribbit
 10112 | D:7      | Reached *** piety under Okawaru
 10498 | D:2      | Killed Sigmund
 10499 | D:2      | Reached skill level 9 in Summonings
 10678 | D:7      | Reached XP level 10. HP: 76/76 MP: 7/17
 10757 | D:8      | Reached skill level 5 in Spellcasting
 10922 | D:8      | Noticed Gastronok
 10984 | D:8      | Killed Gastronok
 10984 | D:8      | Reached **** piety under Okawaru
 10985 | D:8      | Reached skill level 10 in Summonings
 11672 | D:8      | Learned a level 4 spell: Summon Lightning Spire
 11738 | D:9      | Noticed Grum
 11742 | D:9      | Reached ***** piety under Okawaru
 11757 | D:9      | Reached skill level 11 in Summonings
 11761 | D:9      | Killed Grum
 11928 | D:9      | Noticed Erolcha
 12224 | D:9      | Found a blossoming altar of Fedhas.
 12680 | D:9      | Noticed Psyche
 12915 | D:10     | Entered Level 10 of the Dungeon
 13101 | D:10     | Reached skill level 12 in Summonings
 13317 | D:10     | Received a gift from Okawaru
 13474 | D:10     | Reached XP level 11. HP: 81/81 MP: 5/20
 13607 | D:10     | Found a staircase to the Lair.
 13765 | D:10     | Noticed a two-headed ogre
 13775 | D:10     | Killed a two-headed ogre
 13776 | D:10     | Reached skill level 5 in Invocations
 13924 | D:10     | Noticed a two-headed ogre
 13955 | D:10     | Killed a two-headed ogre
 14274 | D:10     | Identified the +1 leather armour of the Manifold Bones
                  | {Rampage Int+3}
 14517 | D:11     | Noticed a soul eater
 15538 | D:11     | Found Hegag's Serpentskin Sales.
 15627 | D:11     | Noticed a phantasmal warrior
 16070 | Lair:1   | Entered Level 1 of the Lair of Beasts
 16118 | Lair:1   | Found a shadowy altar of Dithmenos.
 16233 | Lair:1   | Found a gate leading to a gauntlet.
 16250 | Gauntlet | Entered a Gauntlet
 16250 | Gauntlet | Found a transporter.
 16250 | Gauntlet | Found a runed translucent gate.
 16250 | Gauntlet | Found a runed translucent gate.
 16282 | Gauntlet | Found a runed translucent gate.
 16284 | Gauntlet | Found a transporter.
 16288 | Gauntlet | Found a transporter.
 16298 | Gauntlet | Found a transporter.
 16300 | Gauntlet | Found a transporter.
 16304 | Gauntlet | Noticed a necromancer
 16305 | Gauntlet | Noticed a death yak
 16306 | Gauntlet | Noticed a death yak
 16306 | Gauntlet | Noticed a death yak
 16308 | Gauntlet | Noticed a death yak
 16309 | Gauntlet | Noticed a death yak
 16312 | Gauntlet | Noticed a death yak
 16314 | Gauntlet | Found a transporter.
 16330 | Gauntlet | Found a transporter.
 16334 | Gauntlet | Found a runed translucent door.
 16341 | Gauntlet | Noticed a death yak
 16341 | Gauntlet | Noticed a death yak
 16341 | Gauntlet | Noticed a death yak
 16342 | Gauntlet | Found a transporter.
 16342 | Gauntlet | Noticed a necromancer
 16353 | Gauntlet | Noticed a ghost crab
 16354 | Gauntlet | Found a transporter.
 16377 | Gauntlet | Found a transporter.
 16390 | Gauntlet | Found a transporter.
 16440 | Gauntlet | Found a transporter.
 16453 | Gauntlet | Found a transporter.
 16665 | Gauntlet | Found a transporter.
 16808 | Gauntlet | Identified the +2 pair of boots "Vuraot" {Will- Int+5
                  | Slay+5 Stlth+}
 16826 | Gauntlet | HP: 2/81 [death yak (13)]
 16826 | Gauntlet | Demolished by a death yak

Illustrated notes

Levels and vault maps discovered:
D:1:      lemuel_arrival_room, layout_loops_ring, serial_shops, shop,
          ebering_ecumenical_altar_hall
D:2:      layout_basic, serial_rivers, chequers_serial_rivers_micro_c,
          chequers_serial_rivers_small_3, chequers_serial_rivers_marsh,
          chequers_serial_rivers_marsh, chequers_serial_rivers_marsh,
          chequers_serial_rivers_small_a, uniq_terence, uniq_sigmund
D:3:      layout_basic, roderic_cross_of_infinity
D:4:      layout_basic, serial_shops, shop, uniq_ijyb
D:5:      layout_cave_pods, okawaru_altar_gauntlet_db,
          nicolae_overflow_hidden_temple, minmay_temple_entry_offerings,
          uniq_eustachio
D:6:      layout_loops_ring, minmay_ogre_servants
D:7:      layout_cave_pools, lemuel_round_altar, minmay_misc_feat_hallway,
          uniq_harold, uniq_joseph, uniq_prince_ribbit1
D:8:      layout_rooms, uniq_gastronok
D:9:      layout_roguey, lemuel_coloured_pillars_altar, uniq_psyche,
          uniq_erolcha, uniq_grum
D:10:     layout_stronghold, due_lair_maze_entry_diamond,
          kennysheep_generic_room_9
D:11:     layout_basic, guppyfry_shop_venom
Temple:   eino_temple_rhombus
Lair:1:   layout_cave_pods, basic_altar, gauntlet_entry_generic, minivault_23,
          serial_bayou_shore_a
Gauntlet: minmay_gauntlet_77_tree [minmay_gauntlet_arena_77_run_for_it,
          minmay_gauntlet_arena_77_block_sizes,
          minmay_gauntlet_arena_77_broken_ladder,
          minmay_gauntlet_arena_77_checkered, minmay_gauntlet_arena_77_mess,
          minmay_gauntlet_arena_77_path,
          minmay_gauntlet_arena_77_chump_sandwich,
          nicolae_gauntlet_exit_dead_adventurers]

Skill      XL: |  1  2  3  4  5  6  7  8  9 10 11 |
---------------+----------------------------------+-----
Fighting       | 2 3 4 6 |  6.0
Summonings     | 5 6 8 9 12 | 12.0
Spellcasting   | 3 4 6 |  6.0
Stealth        | 2 4 |  4.0
Dodging        | 3 4 |  4.0
Evocations     | 1 4 |  4.0
Invocations    | 4 6 |  6.5
Polearms       | 2 6 8 |  8.2
Ice Magic      | 2 4 |  4.0

Action                   |  1- 3 |  4- 6 |  7- 9 | 10-12 || total
-------------------------+-------+-------+-------+-------++-------
Melee: Short sword       |    31 |       |       |       ||    31
       Whip              |    23 |    43 |       |       ||    66
       Dagger            |       |    77 |    86 |       ||   163
       Flail             |       |     3 |    12 |       ||    15
       Spear             |       |       |   155 |   255 ||   410
Throw: Dart              |       |     2 |     3 |     2 ||     7
 Cast: Summon Small Mamm |    30 |       |       |       ||    30
       Call Imp          |     7 |    28 |    35 |     8 ||    78
       Call Canine Famil |       |     5 |    19 |     9 ||    33
       Apportation       |       |       |     5 |     1 ||     6
       Summon Ice Beast  |       |       |       |    52 ||    52
       Summon Lightning  |       |       |       |    12 ||    12
       Summon Guardian G |       |       |       |     1 ||     1
Invok: Heroism           |       |       |     5 |     9 ||    14
 Abil: Hop               |       |       |     3 |     1 ||     4
Evoke: Wand              |       |       |       |    12 ||    12
  Use: Scroll            |     2 |     3 |    19 |     4 ||    28
       Potion            |       |       |     1 |       ||     1
 Stab: Sleeping          |     1 |     3 |     5 |     2 ||    11
       Distracted        |       |     1 |     5 |     3 ||     9
       Paralysed         |       |       |       |     2 ||     2
Armor: Robe              |     1 |       |       |       ||     1
       Leather armour    |    24 |    59 |    98 |    54 ||   235
       Ring mail         |     2 |       |       |       ||     2
Dodge: Dodged            |    58 |    92 |   185 |    86 ||   421
Block: Other             |       |       |       |    15 ||    15
       Reflection        |       |       |       |     2 ||     2

Table legend: (Time is in decaauts)
 A = Elapsed time spent in this place.
 B = Non-inter-level travel time spent in this place.
 C = Inter-level travel time spent in this place.
 D = Time resting spent in this place.
 E = Time spent auto-exploring this place.
 F = Levels seen in this place.
 G = Mean time per level.
                   A        B        C        D        E       F      G
               +--------+--------+--------+--------+--------+-----+--------+
         Total |  18531 |  16942 |   1589 |   3731 |  10606 |  14 | 1323.6 |
       Dungeon |  17373 |  15842 |   1531 |   3553 |  10040 |  11 | 1579.4 |
        Temple |    336 |    311 |     25 |      0 |    299 |   1 |  336.0 |
          Lair |    202 |    170 |     32 |      0 |      0 |   1 |  202.0 |
      Gauntlet |    619 |    619 |      0 |    178 |    267 |   1 |  619.0 |
               +--------+--------+--------+--------+--------+-----+--------+

Top non-repeatable levels by time:
     D:6: 2027 daAuts
     D:4: 1864 daAuts
    D:11: 1706 daAuts
    D:10: 1697 daAuts
     D:2: 1694 daAuts
     D:1: 1656 daAuts
     D:5: 1606 daAuts
     D:7: 1423 daAuts
     D:9: 1346 daAuts
     D:3: 1318 daAuts
     D:8: 1034 daAuts
Gauntlet: 619 daAuts
  Temple: 336 daAuts
  Lair:1: 202 daAuts
